 Dungeon Crawl Stone Soup version 0.25-a0-404-gc1b5a34292 (webtiles) character file.

Game seed: 15139858679869696018, levelgen mode: deterministic

196 Jerej03 the Skirmisher (level 5, -2/70 HPs)
             Began as a Draconian Wanderer on Jan 11, 2020.
             Was a Plaything of Xom.
             Slain by DerDa's ghost (4 damage)
             ... on level 3 of the Dungeon.
             The game lasted 00:11:40 (2137 turns).

Jerej03 the Skirmisher (Draconian Wanderer)         Turns: 2137, Time: 00:11:41

Health: -2/70      AC: 22    Str: 14    XL:     5   Next: 45%
Magic:  8/8        EV:  2    Int: 20    God:    Xom [...*..]
Gold:   83         SH:  0    Dex:  9    Spells: 8/8 levels left

rFire    . . .     SeeInvis .   a - +2 mace
rCold    . . .     Gourm    .   (no shield)
rNeg     + + +     Faith    .   (armour unavailable)
rPois    +         Spirit   .   (helmet currently unavailable)
rElec    .         Reflect  .   (cloak currently unavailable)
rCorr    .         Harm     .   (gloves currently unavailable)
MR       .....     NoTele   +   (boots currently unavailable)
Stlth    ++........             (no amulet)
HPRegen  0.21/turn              e - ring of stealth
MPRegen  0.11/turn              j - ring of teleportation (curse)

@: brilliant, lethally poisoned (-2 -> -16), tree-form, cleaving
A: unfitting armour, AC +5
a: Renounce Religion


You were on level 3 of the Dungeon.
You worshipped Xom.
You were a favourite toy of Xom.
You were not hungry.
You were a tree.
You visited 1 branch of the dungeon, and saw 3 of its levels.

You collected 83 gold pieces.

Inventory:

Hand Weapons
 a - a +2 mace (weapon)
Missiles
 g - 125 stones (quivered)
Jewellery
 e - a ring of stealth (left branch)
 j - a cursed ring of teleportation (right branch)
Scrolls
 c - 5 scrolls of teleportation
Comestibles
 d - 4 rations


   Skills:
 + Level 4.5 Fighting
 + Level 4.1 Maces & Flails
 + Level 1.0 Throwing
 + Level 1.3 Dodging
 + Level 1.2 Stealth
   Level 1.0 Shields
 + Level 2.2 Spellcasting
   Level 1.0 Earth Magic


You had 8 spell levels left.
You didn't know any spells.
Your spell library contained the following spells:

 Spells                   Type           Power        Failure   Level  Hunger
 Confusing Touch          Hex            ##......     5%          3    ###....
 Gell's Gravitas          Tloc           ##........   5%          3    ###....
 Petrify                  Tmut/Erth      ###.....     13%         4    #####..
 Metabolic Englaciation   Hex/Ice        ##........   38%         5    ######.
 Yara's Violent Unravell  Hex/Tmut       ##........   38%         5    ######.


Dungeon Overview and Level Annotations

Branches:
Dungeon (3/15)

Altars:
Ashenzari
Gozag
Qazlal
Xom

Annotations:
D:3 DerDa's ghost, amateur MiBe; astraldaughter's ghost, amateur HuBe; feta's ghost, amateur HOFi; pentaxis93's ghost, amateur TeAE


Innate Abilities, Weirdness & Mutations

((Your plain brown scales are hard. (AC +5)))
You cannot fit into any form of body armour.
((You are cold-blooded and may be slowed by cold attacks.))


Message History

Feta's ghost hits you.
* * * LOW HITPOINT WARNING * * *
Unknown command.
You hit feta's ghost.
Feta's ghost is lightly damaged.
* * * LOW HITPOINT WARNING * * *
You feel sick. DerDa's ghost barely misses you.
Pentaxis93's ghost hits you but does no damage.
Astraldaughter's ghost hits you.
* * * LOW HITPOINT WARNING * * *
Feta's ghost barely misses you.
You hit astraldaughter's ghost.
Astraldaughter's ghost is lightly damaged.
* * * LOW HITPOINT WARNING * * *
You feel sick. "Go forth and destroy!"
Your +2 mace looks sharp.
DerDa's ghost hits you.
You die...
Xom howls with laughter!

#########..#...#...##.....##
..# #####..##..#........).#
#.# #......##..#.........##
#.# #.........>............#
#.# #.....####.#.#.#########
#.# #.....'........# #.#
#.....#####..### #.# ##.####
####.#### #.####..#
#...♣W..# ........#
###WWW### ......≈.#
#(.......(# ...≈....#
#8.......8# ...≈...##
#$.......[# ≈≈≈≈≈≈.#
#$.......?# ≈≈≈≈≈..#
##8.....8## >_≈≈≈..#
##[♣⌠♣$## ..≈≈≈..#


You could see DerDa's ghost, astraldaughter's ghost, feta's ghost and
pentaxis93's ghost.

Vanquished Creatures
  A bullfrog (D:3)
  7 adders
  3 worms
  3 leopard geckos
  2 orcs (D:3)
  4 goblins
  5 hobgoblins
  2 jackals (D:3)
  19 bats
  7 frilled lizards
  13 kobolds
  6 rats
72 creatures vanquished.

Notes
Turn   | Place    | Note
-------+----------+-------------------------------------------
     0 | D:1      | Jerej03 the Draconian Wanderer began the quest for the Orb.
     0 | D:1      | Jerej03 set off with the following items: a +2 mace, a
                  | potion of lignification, a scroll of teleportation, a
                  | ration
     0 | D:1      | Reached XP level 1. HP: 19/19 MP: 3/3
    70 | D:1      | Reached XP level 2. HP: 13/27 MP: 5/5
   425 | D:1      | Reached XP level 3. HP: 20/33 MP: 6/6
  1050 | D:2      | Found an opulent altar of Gozag.
  1084 | D:2      | Found a shattered altar of Ashenzari.
  1189 | D:2      | Reached XP level 4. HP: 27/40 MP: 7/7
  1212 | D:2      | Found a shimmering altar of Xom.
  1221 | D:2      | Became a worshipper of Xom of Enforced Whimsey
  1490 | D:2      | XOM: divination: magic mapping
  1808 | D:3      | Reached skill level 1 in Dodging
  1818 | D:3      | Found a runed translucent gate.
  1818 | D:3      | Found a runed translucent gate.
  1818 | D:3      | XOM: harmless Hex miscast
  1832 | D:3      | Found a stormy altar of Qazlal.
  1849 | D:3      | Noticed a bullfrog
  1852 | D:3      | XOM: potion effect (haste)
  1855 | D:3      | XOM: cast spell 'Olgreb's Toxic Radiance'
  1857 | D:3      | XOM: confuse monster(s)
  1858 | D:3      | Killed a bullfrog
  1858 | D:3      | Reached skill level 1 in Stealth
  1858 | D:3      | Reached XP level 5. HP: 11/47 MP: 8/8
  1916 | D:3      | XOM: harmless Fire miscast
  1929 | D:3      | HP: 1/47 [worm (7)]
  1940 | D:3      | XOM: cloud trail
  2109 | D:3      | Found a runed translucent gate.
  2109 | D:3      | Noticed DerDa's ghost (amateur MiBe)
  2111 | D:3      | Noticed astraldaughter's ghost (amateur HuBe)
  2111 | D:3      | Noticed pentaxis93's ghost (amateur TeAE)
  2111 | D:3      | Noticed feta's ghost (amateur HOFi)
  2136 | D:3      | HP: 3/70 [astraldaughter's ghost (1)]
  2137 | D:3      | XOM: cleaving
  2137 | D:3      | Slain by DerDa's ghost

Levels and vault maps discovered:
D:1:      dpeg_arrival_brainrot, layout_loops_ring, serial_forest,
          infiniplex_forest_fountain, infiniplex_forest_straight_3,
          infiniplex_forest_straight_3, infiniplex_forest_lined_2,
          infiniplex_forest_straight_2, infiniplex_forest_join,
          infiniplex_forest_diagonal
D:2:      layout_basic, evilmike_ruin_ashenzari, marbit_many_paths,
          grunt_gozag_statues
D:3:      layout_basic, nicolae_qazlal_general_emergency,
          gammafunk_ghost_cemetery, minmay_misc_feat_tower

Skill      XL: |  1  2  3  4 |
---------------+-------------+-----
Fighting       | 4 |  4.5
Maces & Flails | 3 4 |  4.1
Dodging        | 1 |  1.3
Stealth        | 1 |  1.2
Throwing       | |  1.0
Shields        | |  1.0
Spellcasting   | |  2.2
Earth Magic    | |  1.0

Action                   |  1- 3 |  4- 6 || total
-------------------------+-------+-------++-------
Melee: Mace              |   148 |   108 ||   256
       Tailslap          |     4 |    13 ||    17
  Use: Potion            |     1 |     6 ||     7
       Scroll            |     1 |     2 ||     3
 Stab: Sleeping          |     1 |     3 ||     4
  Eat: Chunk             |     1 |     3 ||     4
Armor: Skin              |    70 |    70 ||   140
Dodge: Dodged            |   124 |    76 ||   200

Table legend:
 A = Non-vault XP
 B = Vault XP
 C = Vault XP percentage of total XP
 D = Non-vault monster count
 E = Vault monster count
 F = Vault count percentage of total count
                 A         B        C        D         E       F
            +---------+---------+-------+---------+---------+-------
      Total |     272 |       8 |   2.9 |      70 |       2 |   2.8
            +---------+---------+-------+---------+---------+-------
        D:1 |      49 |       5 |   9.3 |      33 |       1 |   2.9
        D:2 |      89 |       3 |   3.3 |      20 |       1 |   4.8
        D:3 |     134 |       0 |   0.0 |      17 |       0 |   0.0
            +---------+---------+-------+---------+---------+-------
